 Dungeon Crawl Stone Soup version 0.25-a0-651-g8c222c7a2b (webtiles) character file.

Game seed: 5880818884163817971, levelgen mode: deterministic

1345 Conn the Magician (level 8, 0/54 HPs)
             Began as an Octopode Wizard on Mar 22, 2020.
             Splashed by an orc wizard's acid (12 damage)
             ... on level 6 of the Dungeon.
             The game lasted 00:23:54 (8435 turns).

Conn the Magician (Octopode Wizard)                 Turns: 8435, Time: 00:23:54

Health: 0/54       AC: -3    Str:  8    XL:     8   Next: 62%
Magic:  10/17      EV: 14    Int: 20    God:
Gold:   293        SH:  0    Dex: 11    Spells: 8/19 levels left

rFire    . . .     SeeInvis +   w - +1 war axe "Womped" {vorpal, rElec rC+} (curse)
rCold    + . .     Gourm    .   (no shield)
rNeg     . . .     Faith    .   a - +0 hat
rPois    .         Spirit   .   (no amulet)
rElec    +         Reflect  .   q - ring of see invisible
rCorr    .         Harm     .   (no ring)
MR       .....                  (no ring)
Stlth    ++++......             (no ring)
HPRegen  0.18/turn              (no ring)
MPRegen  0.15/turn              (no ring)
                                (no ring)
                                (no ring)

@: corroded
A: almost no armour, stealthy swim, amphibious, 8 rings, constrict 8, camouflage
1, gelatinous body 1
a: no special abilities


You were on level 6 of the Dungeon.
You were not hungry.

You visited 1 branch of the dungeon, and saw 7 of its levels.

You collected 293 gold pieces.

Inventory:

Hand Weapons
 b - a +0 fustibalus
 f - a +0 dagger
 w - the cursed +1 war axe "Womped" (weapon) {vorpal, rElec rC+}
   (You found it on level 6 of the Dungeon)

   It inflicts extra damage upon your enemies.
   It protects you from cold.
   It insulates you from electricity.
   It has a curse placed upon it.
Missiles
 p - 12 poisoned darts (quivered)
Armour
 a - a +0 hat (worn)
 h - a +0 buckler
Jewellery
 q - a ring of see invisible (left tentacle)
 u - an uncursed ring of ice {unknown}
 v - a +2 ring of evasion {unknown}
Scrolls
 e - 2 scrolls of identify {unknown}
 i - a scroll of enchant armour {unknown}
 j - 3 scrolls of fear
 k - 2 scrolls of teleportation
 o - a scroll of remove curse {unknown}
 r - 2 scrolls of magic mapping {unknown}
Potions
 d - 2 potions of curing
 g - a potion of haste
 l - 3 potions of lignification
 n - 2 potions of magic
 s - 2 potions of flight {unknown}
 t - a potion of stabbing
Comestibles
 c - 9 rations


   Skills:
 * Level 3.8 Fighting
 + Level 2.8 Short Blades
 + Level 2.9 Dodging
 + Level 5.7 Stealth
 * Level 6.0 Spellcasting
 * Level 4.2 Conjurations
 + Level 1.9 Summonings
 + Level 1.6 Translocations
 + Level 0.2 Air Magic
 + Level 1.6 Poison Magic


You had 8 spell levels left.
You knew the following spells:

 Your Spells              Type           Power        Failure   Level  Hunger
a - Magic Dart            Conj           ###.         1%          1    None
b - Blink                 Tloc           N/A          8%          2    None
c - Call Imp              Summ           ##......     7%          2    None
d - Conjure Flame         Conj/Fire      ##......     13%         3    ##.....
e - Mephitic Cloud        Conj/Pois/Air  ##......     14%         3    ##.....

Your spell library contained the following spells:

 Spells                   Type           Power        Failure   Level  Hunger
 Slow                     Hex            #.......     16%         2    None


Dungeon Overview and Level Annotations

Branches:
Dungeon (7/15)
 Temple: D:4-7

Altars:
Nemelex Xobeh


Innate Abilities, Weirdness & Mutations

You cannot wear most types of armour.
You are very stealthy in the water. (Stealth+)
You are amphibious.
You can wear up to eight rings at the same time.
You can use your tentacles to constrict eight enemies at once.
Your skin changes colour to match your surroundings (Stealth+).
Your rubbery body absorbs attacks. (AC +1, EV +1)


Message History

Confirm with . or Enter, or press ? or * to list all spells.
Aiming: Magic Dart (safe; 1% risk of failure)
Press: ? - help, Shift-Dir - straight line, f/p - ogre
Aim: an ogre, wielding a +0 giant club (lightly wounded, confused)
The magic dart hits the ogre.
The ogre is lightly wounded.
The orc wizard zaps a wand.
The bolt of acid hits you! The acid corrodes you!
You are splashed with acid!
The ogre is engulfed in noxious fumes.
The ogre appears confused.
Casting: Magic Dart (safe; 1% risk of failure)
Confirm with . or Enter, or press ? or * to list all spells.
Aiming: Mephitic Cloud (safe; 14% risk of failure)
Press: ? - help, Shift-Dir - straight line, p - ogre The ball explodes into a vile cloud!
The stinking cloud engulfs the orc wizard but does no damage.
The orc wizard is engulfed in noxious fumes.
The orc wizard zaps a wand.
The bolt of acid hits you!
* * * LOW HITPOINT WARNING * * *
You are splashed with acid!
You die...

....W.........###(..
...............#...#..##
.................(.#....
.................(......
.....###......##.(....
.....# #####.....○O..
.....###..#.....°°°#
###....(........°..#
##..W.........@..#
#....$....o.☼...###
#.).......○☼○.....##
.....................#
........?...Y........##
............###.......##
)............####......#
.....?......## ####...#
...........#########..##


You could see a sky beast, an ogre (confused) and an orc wizard.

Vanquished Creatures
  A hungry ghost (D:3)
  A sky beast (D:5)
  2 phantoms (D:6)
  2 bullfrogs
  A water moccasin zombie (D:6)
  A bullfrog zombie (D:6)
  2 crimson imps
  A jelly (D:6)
  4 orc wizards
  An orc priest (D:3)
  A hound (D:4)
  A centaur skeleton (D:5)
  An iguana (D:6)
  Natasha (D:3)
  6 worker ants
  8 gnolls
  7 adders
  A shadow imp (D:6)
  An ooze (D:2)
  2 dart slugs
  A leopard gecko (D:1)
  9 orcs
  A ball python (D:1)
  3 giant cockroaches
  8 goblins
  7 hobgoblins
  11 jackals
  5 kobolds
  A quokka (D:4)
  7 bats
  4 frilled lizards
  8 rats
110 creatures vanquished.

Vanquished Creatures (collateral kills)
  A bullfrog (D:6)
  A hound zombie (D:6)
  3 gnolls
  A worm (D:3)
  2 orcs (D:3)
  A jackal (D:4)
9 creatures vanquished.

Grand Total: 119 creatures vanquished

Notes
Turn   | Place    | Note
-------+----------+-------------------------------------------
     0 | D:1      | Conn the Octopode Wizard began the quest for the Orb.
     0 | D:1      | Reached XP level 1. HP: 11/11 MP: 4/4
   162 | D:1      | Reached XP level 2. HP: 16/17 MP: 6/6
   526 | D:1      | Reached XP level 3. HP: 19/21 MP: 8/8
  1339 | D:2      | Reached XP level 4. HP: 6/27 MP: 3/9
  1728 | D:2      | Learned a level 2 spell: Blink
  1731 | D:2      | Learned a level 2 spell: Call Imp
  1735 | D:2      | Learned a level 3 spell: Conjure Flame
  1776 | D:2      | Reached skill level 1 in Fighting
  1776 | D:2      | Reached skill level 4 in Spellcasting
  2920 | D:3      | Reached XP level 5. HP: 33/33 MP: 6/11
  2965 | D:3      | Learned a level 3 spell: Mephitic Cloud
  3053 | D:3      | Noticed a hungry ghost
  3100 | D:3      | Killed a hungry ghost
  3100 | D:3      | Reached skill level 1 in Short Blades
  3100 | D:3      | Reached XP level 6. HP: 39/39 MP: 1/12
  3438 | D:3      | Noticed Natasha
  3443 | D:3      | Killed Natasha
  3687 | D:3      | Found a sparkling altar of Nemelex Xobeh.
  4710 | D:4      | Reached skill level 1 in Poison Magic
  4775 | D:4      | Reached XP level 7. HP: 17/45 MP: 1/13
  5931 | D:5      | Entered Level 5 of the Dungeon
  6144 | D:5      | Reached skill level 5 in Spellcasting
  6329 | D:5      | Reached skill level 5 in Stealth
  6914 | D:5      | Reached XP level 8. HP: 38/52 MP: 10/15
  8239 | D:6      | Reached skill level 6 in Spellcasting
  8399 | D:6      | Got a crude war axe
  8400 | D:6      | Identified the cursed +1 war axe "Womped" {vorpal, rElec
                  | rC+} (You found it on level 6 of the Dungeon)
  8435 | D:6      | Splashed by an orc wizard's acid

Levels and vault maps discovered:
D:1:      elethiomel_arrival_infinity_welcomes_careful_drivers, layout_rooms
D:2:      layout_basic
D:3:      layout_basic, first_ration, nemelex_diamond_rough_becter, uniq_natasha
D:4:      layout_loops_cross
D:5:      layout_loops_corners
D:6:      layout_cave_pools, serial_shops, shop
D:7:      layout_loops_corners, minmay_temple_entry_arrows, grunt_ogre_cave,
          minmay_misc_feat_tiny, minmay_shattered_shrine

Skill      XL: |  1  2  3  4  5  6  7  8 |
---------------+-------------------------+-----
Stealth        | 3 4 5 |  5.7
Fighting       | 1 2 3 |  3.8
Spellcasting   | 4 5 6 |  6.0
Short Blades   | 1 2 |  2.8
Conjurations   | 2 3 4 |  4.2
Poison Magic   | 1 |  1.6
Dodging        | |  2.9
Summonings     | |  1.9
Translocations | |  1.6
Air Magic      | |  0.2

Action                   |  1- 3 |  4- 6 |  7- 9 || total
-------------------------+-------+-------+-------++-------
Melee: Dagger            |    65 |   142 |   124 ||   331
       Unarmed           |     6 |       |       ||     6
       Constrict         |    18 |    25 |    30 ||    73
       Tentacles         |     9 |    10 |    25 ||    44
Throw: Dart              |       |       |     3 ||     3
 Cast: Magic Dart        |    21 |    24 |    91 ||   136
       Call Imp          |       |    11 |    13 ||    24
       Blink             |       |     4 |     6 ||    10
       Conjure Flame     |       |     2 |       ||     2
       Mephitic Cloud    |       |     5 |    12 ||    17
  Use: Potion            |       |     6 |     1 ||     7
       Scroll            |       |       |     3 ||     3
 Stab: Sleeping          |     9 |    11 |     6 ||    26
       Confused          |       |     3 |     1 ||     4
       Distracted        |       |       |     2 ||     2
  Eat: Chunk             |     1 |    12 |     9 ||    22
       Ration            |       |     2 |     1 ||     3
Armor: Skin              |     6 |    19 |     8 ||    33
Dodge: Dodged            |    46 |    75 |    77 ||   198

Table legend:
 A = Non-vault XP
 B = Vault XP
 C = Vault XP percentage of total XP
 D = Non-vault monster count
 E = Vault monster count
 F = Vault count percentage of total count
                 A         B        C        D         E       F
            +---------+---------+-------+---------+---------+-------
      Total |    1887 |      35 |   1.8 |     118 |       1 |   0.8
            +---------+---------+-------+---------+---------+-------
        D:1 |      35 |       0 |   0.0 |      22 |       0 |   0.0
        D:2 |      86 |       0 |   0.0 |      19 |       0 |   0.0
        D:3 |     347 |      35 |   9.2 |      26 |       1 |   3.7
        D:4 |     292 |       0 |   0.0 |      17 |       0 |   0.0
        D:5 |     423 |       0 |   0.0 |      16 |       0 |   0.0
        D:6 |     704 |       0 |   0.0 |      18 |       0 |   0.0
            +---------+---------+-------+---------+---------+-------
